 Dungeon Sprint DCSS version 0.27-a0-1232-gc6a4cbde82 (webtiles) character file.

Game seed: 12983098183032764243

825 rocky1 the Blocker (level 7, -24/57 HPs)
             Began as a Minotaur Fighter on June 9, 2021.
             Was a Believer of Qazlal.
             Killed from afar by a deep elf pyromancer (35 damage)
             ... with a bolt of fire
             ... in the Dungeon (Sprint III: "The Ten Rune Challenge").
             The game lasted 00:03:43 (1293 turns).

rocky1 the Blocker (Minotaur Fighter)               Turns: 1293, Time: 00:03:43

Health: -24/57     AC:  6    Str: 22    XL:     7   Next: 64%
Magic:  10/10      EV:  9    Int:  5    God:    Qazlal [**....]
Gold:   54         SH: 15    Dex: 10    Spells: 6/6 levels left

rFire    . . .     SeeInvis .   a - +0 long sword
rCold    . . .     Faith    .   c - +0 kite shield
rNeg     . . .     Spirit   .   b - +0 scale mail
rPois    .         Reflect  .   (helmet restricted)
rElec    .         Harm     .   (no cloak)
rCorr    .         Rampage  .   (no gloves)
Will     .....     NoTele   +   (no boots)
Stlth    ..........             (no amulet)
HPRegen  0.19/turn              (no ring)
MPRegen  0.12/turn              (no ring)

@: mighty
A: horns 2, retaliatory headbutt
a: Renounce Religion, Upheaval


You were in the Dungeon.
You worshipped Qazlal.
Qazlal was pleased with you.
You visited 1 branch You collected 54 gold pieces.

Inventory:

Hand Weapons
 a - a +0 long sword (weapon)
Armour
 b - a +0 scale mail (worn)
 c - a +0 kite shield (worn)
Scrolls
 j - a scroll of blinking
 k - a scroll of vulnerability {unknown}
 l - a scroll of holy word {unknown}
 m - 3 scrolls of identify
 p - a scroll of torment {unknown}
Potions
 g - a potion of haste
 h - 2 potions of magic
 n - a potion of attraction {unknown}
 o - 4 potions of flight
 q - 4 potions of mutation


   Skills:
 - Level 3.6 Fighting
 + Level 13.0 Long Blades
 - Level 3.6 Armour
 + Level 13.2 Shields
 + Level 6.1 Invocations


You had 6 spell levels left.
You didn't know any spells.
Your spell library contained the following spells:

 Spells                   Type           Power      Damage    Failure   Level
 Magic Dart               Conj           0%         1d3       86%         1
 Searing Ray              Conj           0%         3d3       95%         2
 Dazzling Flash           Conj/Hex       0%         N/A       99%         3
 Fulminant Prism          Conj/Hex       0%         3d6       100%        4
 Iskenderun's Mystic Bla  Conj/Tloc      0%         2d3       100%        4


Dungeon Overview and Level Annotations

Branches:
Dungeon (1/1)

Altars:
Cheibriados
Dithmenos
Elyvilon
Fedhas
Gozag
Hepliaklqana
Kikubaaqudgha
Makhleb
Nemelex Xobeh
Okawaru
Qazlal
Ru
Sif Muna
Trog
Uskayaw
Vehumet
Wu Jian
Xom
Yredelemnul
Zin
The Shining One
Beogh
Jiyva
Lugonu


Innate Abilities, Weirdness & Mutations

You have a pair of horns on your head.
You reflexively headbutt those who attack you in melee.


Message History

The deep elf pyromancer picks up a potion of curing.
There is an open door here.
The deep elf pyromancer hits you with a +1 long sword of holy wrath.
You hit the deep elf pyromancer.
The deep elf pyromancer is lightly wounded.
The deep elf pyromancer hits you with a +1 long sword of holy wrath!
* * * LOW HITPOINT WARNING * * *
You miss the deep elf pyromancer.
The deep elf pyromancer is lightly wounded.
The deep elf pyromancer hits you with a +1 long sword of holy wrath.
* * * LOW HITPOINT WARNING * * *
You slash the deep elf pyromancer!
The deep elf pyromancer is heavily wounded.
You hit the deep elf pyromancer.
The deep elf pyromancer is heavily wounded.
The deep elf pyromancer gestures wildly while chanting.
The deep elf pyromancer blinks!
You closely miss the deep elf pyromancer.
The deep elf pyromancer is heavily wounded.
The deep elf pyromancer hits you with a +1 long sword of holy wrath.
* * * LOW HITPOINT WARNING * * *
You miss the deep elf pyromancer.
Your headbutt misses the deep elf pyromancer.
The deep elf pyromancer is heavily wounded.
The deep elf pyromancer hits you with a +1 long sword of holy wrath.
* * * LOW HITPOINT WARNING * * *
You feel better.
The deep elf pyromancer hits you with a +1 long sword of holy wrath.
* * * LOW HITPOINT WARNING * * *
Unknown command.
You hit the deep elf pyromancer.
The deep elf pyromancer is severely wounded.
The deep elf pyromancer hits you with a +1 long sword of holy wrath.
* * * LOW HITPOINT WARNING * * *
You barely miss the deep elf pyromancer.
The deep elf pyromancer is severely wounded.
The deep elf pyromancer casts a spell at you.
The bolt of fire hits you!!
Ouch! That really hurt!
You die...

▓▓▓▓▓▓▓▓▓ ▓▓▓ ..'...♣.♣
♣.############ ..#.....♣
♣♣.#___#___#__# ###....♣♣
♣..#.@.#__.#._#
..#....≈♣♣♣♣♣.###e#'###)##
..#...≈≈♣♣.♣♣)#..........#
..#..≈≈≈≈.♣...'.⌠........#
#'#..≈≈≈≈≈≈...#...######'#
.†#.≈≈≈≈≈≈....#.⌠.#__#...#
..#.≈≈≈≈≈.....#...#__#...#
..#.≈≈≈)......#)###__#...#
###...........#...#__#...+


You could see a deep elf pyromancer.

Vanquished Creatures
  A shadow (D)
  A spatial vortex (D)
  A necrophage (D)
  A water elemental (D)
  A jelly (D)
  Jessica (D)
  A wizard (D)
  A necromancer (D)
  3 humans (D)
  A kobold demonologist (D)
  A phantom (D)
  An endoplasm (D)
  2 rats (D)
16 creatures vanquished.

Notes
Turn   | Place    | Note
-------+----------+-------------------------------------------
     0 | D        | rocky1 the Minotaur Fighter began the quest for the Orb.
     0 | D        | Reached XP level 1. HP: 19/19 MP: 0/0
    13 | D        | Noticed Jessica
    20 | D        | Killed Jessica
    21 | D        | Reached skill level 5 in Long Blades
    21 | D        | Reached XP level 2. HP: 23/26 MP: 1/1
    21 | D        | Reached XP level 3. HP: 28/31 MP: 2/2
   450 | D        | Noticed a water elemental
   455 | D        | Killed a water elemental
   456 | D        | Reached XP level 4. HP: 39/39 MP: 3/3
   615 | D        | Reached XP level 5. HP: 23/45 MP: 4/4
   762 | D        | Noticed a shadow
   770 | D        | Killed a shadow
   771 | D        | Reached XP level 6. HP: 40/51 MP: 5/5
   838 | D        | Found a blossoming altar of Fedhas.
   838 | D        | Found a stormy altar of Qazlal.
   838 | D        | Found a snail-covered altar of Cheibriados.
   838 | D        | Found a burning altar of Makhleb.
   838 | D        | Found a shimmering altar of Xom.
   838 | D        | Noticed a spatial vortex
   839 | D        | Found a hazy altar of Hepliaklqana.
   839 | D        | Found an opulent altar of Gozag.
   839 | D        | Found a sparkling altar of Nemelex Xobeh.
   839 | D        | Found a corrupted altar of Lugonu.
   839 | D        | Found a viscous altar of Jiyva.
   842 | D        | Became a worshipper of Qazlal Stormbringer
   854 | D        | Killed a spatial vortex
  1025 | D        | Found a basalt altar of Yredelemnul.
  1025 | D        | Found a shadowy altar of Dithmenos.
  1025 | D        | Found a sacrificial altar of Ru.
  1038 | D        | Reached * piety under Qazlal
  1039 | D        | Reached XP level 7. HP: 57/57 MP: 7/9
  1069 | D        | Found a radiant altar of Vehumet.
  1069 | D        | Found a shimmering blue altar of Sif Muna.
  1069 | D        | Found an ancient bone altar of Kikubaaqudgha.
  1077 | D        | Noticed a sun demon
  1238 | D        | Found a hide-covered altar of Uskayaw.
  1238 | D        | Found an iron altar of Okawaru.
  1238 | D        | Found a bloodstained altar of Trog.
  1238 | D        | Found an ornate altar of the Wu Jian Council.
  1238 | D        | Noticed a human
  1239 | D        | Noticed a human
  1255 | D        | Killed a human
  1255 | D        | Reached ** piety under Qazlal
  1256 | D        | Reached skill level 5 in Invocations
  1270 | D        | Killed a human
  1282 | D        | Found a glowing silver altar of Zin.
  1282 | D        | Found a glowing golden altar of the Shining One.
  1282 | D        | Found a white marble altar of Elyvilon.
  1283 | D        | Noticed a deep elf pyromancer
  1293 | D        | Killed from afar by a deep elf pyromancer

Illustrated notes

Levels and vault maps discovered:
D:        dungeon_sprint_mu [sprint_mu_entry_forest, sprint_mu_temple_rooms,
          sprint_mu_d1_horrors, sprint_mu_d2_genie, sprint_mu_d3_branching,
          sprint_mu_orc_legion, sprint_mu_elf_gauntlet, sprint_mu_hive_nellie,
          sprint_mu_lair_fedhas, sprint_mu_vaults_butterflies,
          sprint_mu_slime_circle, sprint_mu_shoals_archi,
          sprint_mu_snake_twists, sprint_mu_blade_basic, sprint_mu_crypt_lich,
          sprint_mu_tomb_spiral, sprint_mu_vestibule_basic,
          sprint_mu_gehenna_hellfire, sprint_mu_dis_giant,
          sprint_mu_tartarus_statrot, sprint_mu_cocytus_islands, sprint_mu_zot1]

Skill      XL: |  1  2  3  4  5  6  7 |
---------------+----------------------+-----
Long Blades    | 5 8 11 12 13 | 13.0
Shields        | 6 8 9 11 12 13 | 13.2
Invocations    | 4 6 |  6.1
Fighting       | |  3.6
Armour         | |  3.6

Action                   |  1- 3 |  4- 6 |  7- 9 || total
-------------------------+-------+-------+-------++-------
Melee: Long sword        |    27 |    32 |    46 ||   105
       Headbutt          |     1 |     8 |     2 ||    11
  Use: Potion            |     1 |       |     3 ||     4
Armor: Scale mail        |     1 |     5 |     7 ||    13
Dodge: Dodged            |     5 |     6 |     8 ||    19
Block: Kite shield       |    11 |     6 |    29 ||    46
       Rpst.: Long sword |     2 |     1 |     1 ||     4

Table legend: (Time is in decaauts)
 A = Elapsed time spent in this place.
 B = Non-inter-level travel time spent in this place.
 C = Inter-level travel time spent in this place.
 D = Time resting spent in this place.
 E = Time spent auto-exploring this place.
 F = Levels seen in this place.
 G = Mean time per level.
                   A        B        C        D        E       F      G
               +--------+--------+--------+--------+--------+-----+--------+
         Total |   1306 |   1306 |      0 |    957 |      0 |   1 | 1306.0 |
       Dungeon |   1306 |   1306 |      0 |    957 |      0 |   1 | 1306.0 |
               +--------+--------+--------+--------+--------+-----+--------+

Top non-repeatable levels by time:
       D: 1306 daAuts
